 Dungeon Crawl Stone Soup version 0.21.0 (webtiles) character file.

52 bombasticus the Skirmisher (level 3, 0/23 HPs)
             Began as a Gargoyle Berserker on Jan 20, 2018.
             Was a Follower of Trog.
             Slain by a worm (4 damage)
             ... on level 2 of the Dungeon.
             The game lasted 00:03:43 (907 turns).

bombasticus the Skirmisher (Gargoyle Berserker)      Turns: 907, Time: 00:03:43

Health: 0/23       AC: 14    Str: 21    XL:     3   Next: 85%
Magic:  3/3        EV:  3    Int:  7    God:    Trog [*.....]
Gold:   73         SH:  7    Dex:  9    Spells: 2/2 levels left

rFire    . . .     SeeInvis .   a - +0 falchion
rCold    . . .     Gourm    .   o - +0 shield
rNeg     + . .     Faith    .   p - +0 plate armour
rPois    ∞         Spirit   .   (no helmet)
rElec    +         Reflect  .   (no cloak)
rCorr    .         Harm     .   (no gloves)
MR       .....                  (no boots)
Stlth    ..........             (no amulet)
HPRegen  0.07/turn              (no ring)
MPRegen  0.08/turn              (no ring)

@: no status effects
A: negative energy resistance 1, electricity resistance, unbreathing,
petrification resistance, rot immunity, AC +3
a: Berserk, Burn Spellbooks, Renounce Religion


You were on level 2 of the Dungeon.
You worshipped Trog.
Trog was aware of your devotion.
You were very hungry.

You visited 1 branch of the dungeon, and saw 2 of its levels.

You collected 73 gold pieces.

Inventory:

Hand Weapons
 a - a +0 falchion (weapon)
 f - a +0 hand axe
 g - a +0 spear
 k - a +0 whip
Missiles
 j - 28 stones (quivered)
 q - 40 sling bullets
Armour
 o - a +0 shield (worn)
 p - a +0 plate armour (worn)
Scrolls
 e - a scroll of teleportation {unknown}
 n - 2 scrolls of fog {unknown}
Potions
 b - a potion of degeneration {unknown}
 d - a potion of magic {unknown}
 h - a potion of agility {unknown}
 i - 2 potions of curing {unknown}
 m - a potion of ambrosia {unknown}
Comestibles
 c - a ration
 l - a chunk of flesh


   Skills:
 + Level 3.6 Fighting
 + Level 3.1 Long Blades
 + Level 1.9 Throwing
 + Level 2.4 Armour
 + Level 1.6 Dodging
 + Level 0.3 Shields


You had 2 spell levels left.
You didn't know any spells.

Dungeon Overview and Level Annotations

Branches:
Dungeon (2/15)

Altars:


Innate Abilities, Weirdness & Mutations

You are resistant to torment.
Your stone body is resilient. (AC +3)
You are immune to poison.
You resist negative energy. (rN+)
You are resistant to electric shocks. (rElec)
You can survive without breathing.
You are immune to petrification.
You are immune to rotting.


Message History

Your plate armour prevents you from hitting the hobgoblin.
You closely miss the hobgoblin.
The hobgoblin hits you but does no damage.
You hit the hobgoblin.
You kill the hobgoblin!
Trog accepts your kill.
You hit the worm.
The worm is lightly wounded.
You hit the worm but do no damage.
The worm is lightly wounded.
The worm bites you but does no damage.
You completely miss the worm.
The worm is lightly wounded.
The worm bites you but does no damage.
Your plate armour prevents you from hitting the worm.
The worm bites you but does no damage.
You hit the worm.
The worm is moderately wounded.
The worm bites you.
You die...

.##### #..#
......###..####.
#...................
#.......#####..rg...
#.......# ..(....
#.......# .......
#..#.#..## ...%...
#..#.#...####.s.....
#..#.....w@(#.......
#..#.>.####.†..#
#..#...#........(...
#.##.....######.(..#
#####.#....### ...#
##..........# ...
##..##..#.#### .#
........#.# #
....###.#.#


You could see a worm.

Vanquished Creatures
  Natasha (D:2)
  A worm (D:2)
  3 bats (D:1)
  3 giant cockroaches (D:2)
  3 hobgoblins
  3 jackals (D:2)
  2 frilled lizards (D:1)
  4 goblins
  2 kobolds (D:1)
  2 rats
24 creatures vanquished.

Notes
Turn   | Place    | Note
-------+----------+-------------------------------------------
     0 | D:1      | bombasticus the Gargoyle Berserker began the quest for the Orb.
     0 | D:1      | Reached XP level 1. HP: 14/14 MP: 1/1
   483 | D:1      | Reached XP level 2. HP: 19/19 MP: 2/2
   846 | D:2      | Noticed Natasha
   848 | D:2      | Noticed a crimson imp
   860 | D:2      | Noticed a crimson imp
   866 | D:2      | Killed Natasha
   866 | D:2      | Reached skill level 1 in Throwing
   866 | D:2      | Reached XP level 3. HP: 7/23 MP: 3/3
   907 | D:2      | Slain by a worm

Skill      XL: |  1  2 |
---------------+-------+-----
Long Blades    | 3 |  3.1
Throwing       | 1 |  1.9
Fighting       | |  3.6
Armour         | |  2.4
Dodging        | |  1.6
Shields        | |  0.3

Action                   || total
-------------------------++-------
Melee: Falchion          ||    70
Throw: Stone             ||    72
Invok: Berserk           ||     1
Armor: Ring mail         ||    27
       Plate armour      ||    52
Dodge: Dodged            ||    42
Block: Shield            ||    24
       Rpst.: Falchion   ||    15
